Cogmind - Beta 14 --- EXPLORER MODE // 2024.08.19 @ 18:09:43 Player: Genju Result: Self-destructed Performance ------------- Evolutions (2) 1000 Regions Visited (3) 600 Robots Destroyed (53) 265 Value Destroyed (1731) 1731 Prototype IDs (0) 0 Alien Tech Used (0) 0 Bonus (0) 0 TOTAL SCORE: 3596 Bonus ------- None Cogmind --------- Core Integrity 247/550 Matter 300/300 Energy 340/290 System Corruption 7% Temperature Cool (0) Movement Walking (115) Location -8/Materials Parts ------- > --- POWER (2) -------- Improved Deuterium Engine Light Angular Momentum Engine > --- PROPULSION (4) --- Aluminum Leg Improved Aluminum Leg Titanium Leg VSS Leg > --- UTILITY (4) ------ Structural Scanner Sensor Array Improved Signal Interpreter ECM Suite > --- WEAPON (2) ------- Heavy Laser Heavy Assault Rifle > --- INVENTORY (5) ---- Improved Deuterium Engine Cryofiber Web Improved Terrain Scanner Heavy Laser Heavy Laser Peak State ------------ > --- POWER ------------ Improved Deuterium Engine Light Angular Momentum Engine > --- PROPULSION ------- Improved Aluminum Leg Carbon-fiber Leg Titanium Leg VSS Leg > --- UTILITY ---------- Structural Scanner Sensor Array Improved Signal Interpreter ECM Suite > --- WEAPON ----------- Heavy Laser Heavy Assault Rifle > --- INVENTORY -------- Improved Deuterium Engine Improved Deuterium Engine Cryofiber Web Heavy Laser Heavy Laser [Rating: 33] Favorites ----------- Power Light Nuclear Core Engine Improved Deuterium Engine Power Core Light Nuclear Core Propulsion Wheel Treads Light Treads Leg Aluminum Leg Wheel Wheel Hover Unit Airjet Utility Sensor Array Device Sensor Array Processor Signal Interpreter Weapon Subdweller Machine Gun Energy Gun EM Pulse Gun Ballistic Gun Subdweller Machine Gun Ballistic Cannon Slug Cannon Special Weapon Flamer Build | -11 -10 -10 -8 ------- Run | Yrd Mat Sub Mat Slots Evolved 5 | . 1 . 4 Power 1 | . 1 . . Propulsion 2 | . . . 2 Utility 2 | . . . 2 Weapon . | . . . . Parts Attached 63 | 7 12 17 27 Power 17 | 1 6 3 7 Engine 12 | 1 3 2 6 Core 5 | . 3 1 1 Reactor . | . . . . Propulsion 21 | 2 3 5 11 Treads 4 | . . 1 3 Leg 9 | 2 . . 7 Wheel 7 | . 3 4 . Hover 1 | . . . 1 Flight . | . . . . Utility 9 | 2 2 . 5 Device 7 | 2 1 . 4 Storage . | . . . . Processor 2 | . 1 . 1 Hackware . | . . . . Protection . | . . . . Artifact . | . . . . Weapon 16 | 2 1 9 4 Energy Gun 4 | 1 . 2 1 Energy Cannon . | . . . . Ballistic Gun 9 | 1 1 6 1 Ballistic Cannon 2 | . . 1 1 Launcher . | . . . . Special Weapon 1 | . . . 1 Impact Weapon . | . . . . Slashing Weapon . | . . . . Piercing Weapon . | . . . . Special Melee Weapon . | . . . . Unidentified Prototypes . | . . . . Parts Lost 13 | . . 6 7 Power 4 | . . 2 2 Propulsion 3 | . . 1 2 Utility 1 | . . . 1 Weapon 5 | . . 3 2 Highest Loss Streak 4 | . . 2 4 To Critical Strikes 3 | . . 1 2 Average Slot Usage (%) 93 | . 99 98 86 Engine 13 | . 16 11 12 Core 5 | . 7 11 . Treads 1 | . . 2 1 Leg 11 | . 7 . 22 Wheel 11 | . 17 21 . Device 17 | . 16 12 22 Processor 9 | . 8 12 7 Energy Gun 6 | . 12 1 5 Ballistic Gun 12 | . 11 20 6 Ballistic Cannon 1 | . . 2 2 Peak Build Rating 33 | 7 10 15 33 Average Rating 16 | 4 9 13 25 On Entrance 7 | . 7 10 11 Naked Turns . | . . . . Heaviest Build 31 | 10 13 24 31 Greatest Support 57 | 20 20 40 57 Greatest Overweight (x) 1 | . 1 1 1 Average Overweight (x) . | . . . . Largest Inventory Capacity 5 | 5 5 5 5 Average Capacity 5 | 5 5 5 5 Most Carried 5 | 5 5 5 5 Average Carried 4 | 3 4 4 4 Final Capacity 5 | 5 5 5 5 Final Carried 5 | 4 5 5 5 Class Distribution -------------------- 37% | Hacker-Mutant 30% | Scavenger-Mutant 28% | Hacker-Skirmisher Dominant Class ---------------- Hacker-Mutant | -10/Materials Scavenger-Mutant | -10/Subcaves Hacker-Skirmisher | -8/Materials Resources | -11 -10 -10 -8 ----------- Run | Yrd Mat Sub Mat Matter Collected 1472 | 191 217 251 813 Remotely . | . . . . Salvage Created 1834 | . 259 296 1279 Parts 120 | . 27 18 75 Haulers Intercepted 1 | . . . 1 Recyclers Shooed . | . . . . Parts Field Recycled . | . . . . Retrieved Matter . | . . . . Parts Self-Destructed . | . . . . Prevented . | . . . . Kills | -11 -10 -10 -8 ------- Run | Yrd Mat Sub Mat Combat Hostiles Destroyed 44 | . 8 8 28 Guns 31 | . 7 7 17 Cannons 12 | . . 1 11 AOE 1 | . 1 . . Classes Destroyed 10 | . 3 2 5 Builder 1 | . . . 1 Hauler 1 | . . . 1 Recycler 1 | . . . 1 Watcher 6 | . 3 . 3 Swarmer 11 | . 6 . 5 Grunt 12 | . 2 . 10 Brawler 1 | . . . 1 Sentry 12 | . . 1 11 Hunter 1 | . . . 1 Subdweller 7 | . . 7 . Best Kill Streak 6 | . 3 2 6 Combat Bots Only 5 | . 2 2 5 Max Kills in Single Turn 2 | . 1 2 2 Gunslinging . | . . . . Exploded 1 | . 1 . . Melee . | . . . . Uniques/NPCs Destroyed . | . . . . Combat | -11 -10 -10 -8 -------- Run | Yrd Mat Sub Mat Hostile Shots Fired 249 | . 25 48 176 Missed 72 | . 6 12 54 Damage Taken 1876 | . 117 603 1156 Core 518 | . 23 192 303 Absorbed by Shields . | . . . . Ignored by Resistances 1124 | . 85 326 713 Regen/Repaired (Parts) 24 | . 24 . . Core Remaining (%) 57 | 100 . 14 . Volleys Fired 159 | . 23 33 103 Largest 2 | . 2 2 2 Hottest 148 | . 60 78 148 Shots Fired 278 | . 46 58 174 Gun 206 | . 46 51 109 Cannon 66 | . . 7 59 Launcher . | . . . . Special 6 | . . . 6 Kinetic 189 | . 23 41 125 Thermal 62 | . . 13 49 Explosive . | . . . . Electromagnetic 27 | . 23 4 . Robot Hit Streak 38 | . 11 38 14 Robot Miss Streak 3 | . 3 2 3 Penetration Max 1 | . . . 1 Secondary Targets 2 | . . 1 1 Max Gunslinging Chain 1 | . . 1 1 Shots Hit Robots 202 | . 28 53 121 Core Hits 87 | . 14 19 54 Critical Kills 2 | . 1 . 1 Critical Parts Destroyed 4 | . . 1 3 Critical Strikes 12 | . 3 1 8 Destroy 7 | . 1 1 5 Blast 3 | . . . 3 Corrupt 2 | . 2 . . Melee Attacks . | . . . . Impact . | . . . . Slashing . | . . . . Piercing . | . . . . Sneak Attacks . | . . . . Combat Hostiles . | . . . . Follow-up Attacks . | . . . . Damage Inflicted 3705 | . 399 850 2456 Guns 2296 | . 342 648 1306 Cannons 1302 | . . 202 1100 Explosions 95 | . 57 . 38 Melee . | . . . . Ramming . | . . . . Kinetic 2677 | . 106 678 1893 Thermal 720 | . 57 138 525 Explosive . | . . . . Electromagnetic 308 | . 236 34 38 Impact . | . . . . Slashing . | . . . . Piercing . | . . . . Highest Corruption 7 | . . . 7 Average Corruption 6 | . . . 6 Corruption Purged . | . . . . Corruption Blocked . | . . . . Effects 47 | . . . 47 Message Errors 16 | . . . 16 Matter Fused 8 | . . . 8 Heat Flow Errors 5 | . . . 5 Energy Discharges 7 | . . . 7 Parts Rejected 1 | . . . 1 Data Loss (minor) 2 | . . . 2 Data Loss (major) 4 | . . . 4 Misfires 4 | . . . 4 Overload Shots . | . . . . Overflow Damage . | . . . . Projectiles . | . . . . Explosions . | . . . . Melee . | . . . . Knockbacks 9 | . . 1 8 Impact . | . . . . Kinetic 9 | . . 1 8 Secondary . | . . . . Self-Inflicted Damage 23 | . 5 . 18 Shots 2 | . 1 . 1 Rammed . | . . . . Targets Rammed . | . . . . Kicked . | . . . . Crushed . | . . . . Highest Temperature 480 | . 152 179 480 Average Temperature 103 | . 53 109 114 Received Heat Transfer 1083 | . 42 312 729 Effects 7 | . . . 7 Shutdowns 3 | . . . 3 Energy Bleed 3 | . . . 3 Short Circuit 1 | . . . 1 Siege Activations . | . . . . Robots Corrupted . | . . . . Combat Hostiles . | . . . . Parts Fried 1 | . 1 . . Impact Corruptions . | . . . . Robots Melted . | . . . . Combat Hostiles . | . . . . Parts Melted 1 | . . 1 . Heat Transferred 1554 | . 150 325 1079 Parts Sabotaged . | . . . . Parts Stolen . | . . . . Parts Stripped . | . . . . Power Chain Reactions 1 | . 1 . . Alert | -11 -10 -10 -8 ------- Run | Yrd Mat Sub Mat Peak Influence 241 | . 136 . 241 Initial . | . . . . Average 79 | . 53 . 100 Maximum Alert Level 1 | . . . 1 Low Security (%) 90 | 100 100 . 82 Level 1 9 | . . . 17 Level 2 . | . . . . Level 3 . | . . . . Level 4 . | . . . . Level 5 . | . . . . High Security . | . . . . Max Security . | . . . . Squads Dispatched 9 | . . . 9 Investigation 1 | . . . 1 Extermination . | . . . . Reinforcement 1 | . . . 1 Assault . | . . . . Garrison 7 | . . . 7 Intercept . | . . . . Searches Triggered . | . . . . Construction Impeded . | . . . . Haulers Reinforced . | . . . . Active Scanning Responses . | . . . . Cargo Convoy Interrupts . | . . . . Stealth | -11 -10 -10 -8 --------- Run | Yrd Mat Sub Mat Distress Signals 5 | . 1 . 4 Communications Jammed . | . . . . Distress Signals . | . . . . Times Spotted 62 | . 14 9 39 Peak Tracking Total 5 | . 4 2 5 Tactical Retreats 3 | . . . 3 Traps | -11 -10 -10 -8 ------- Run | Yrd Mat Sub Mat Traps Triggered 4 | . 1 2 1 Indirectly . | . . . . Trap Hack Attempts . | . . . . Triggered . | . . . . Disarmed . | . . . . Reprogrammed . | . . . . Reused . | . . . . Traps Extracted . | . . . . Installed . | . . . . Triggered 1 | . 1 . . Machines | -11 -10 -10 -8 ---------- Run | Yrd Mat Sub Mat Machines Disabled 2 | . . . 2 Max in Single Turn 1 | . . . 1 Machines Repaired . | . . . . Machines Dismantled . | . . . . Machines Sabotaged . | . . . . Overloaded Fab Kills . | . . . . Hacking | -11 -10 -10 -8 --------- Run | Yrd Mat Sub Mat Machines Accessed 23 | . 11 . 12 Terminals 15 | . 8 . 7 Fabricators . | . . . . Repair Stations 2 | . 1 . 1 Recycling Units 3 | . 2 . 1 Scanalyzers 2 | . . . 2 Garrison Access 1 | . . . 1 Total Hacks 73 | . 33 . 40 Successful 50 | . 25 . 25 Failed 23 | . 8 . 15 Catastrophic 2 | . 1 . 1 Database Lockouts . | . . . . Manual 55 | . 29 . 26 Terminals 48 | . 27 . 21 Fabricators . | . . . . Repair Stations 4 | . 2 . 2 Recycling Units 6 | . 4 . 2 Scanalyzers 12 | . . . 12 Garrison Access 3 | . . . 3 Terminal Hacks 13 | . 11 . 2 Part Schematic 11 | . 9 . 2 Machine Index 1 | . 1 . . Security Status 1 | . 1 . . Fabricator Hacks . | . . . . Repair Station Hacks 3 | . 2 . 1 Scan Component 2 | . 1 . 1 Repair 1 | . 1 . . Recycling Unit Hacks 3 | . 2 . 1 Retrieve Components 3 | . 2 . 1 Scanalyzer 12 | . . . 12 Insert Component 6 | . . . 6 Analyze 6 | . . . 6 Garrison Access Hacks . | . . . . Unauthorized Hacks 19 | . 10 . 9 Terminals 15 | . 8 . 7 Assimilate 1 | . . . 1 Botnet 14 | . 8 . 6 Fabricators . | . . . . Repair Stations . | . . . . Recycling Units 3 | . 2 . 1 Reject 3 | . 2 . 1 Scanalyzers . | . . . . Garrison Access 1 | . . . 1 Reprogram 1 | . . . 1 Data Cores Recovered . | . . . . Used . | . . . . Hacking Detections 18 | . 9 . 9 Full Trace Events . | . . . . Feedback Events . | . . . . Feedback Blocked . | . . . . Robot Schematics Acquired . | . . . . Robots Built . | . . . . Authchips . | . . . . Time . | . . . . Total Robot Build Rating . | . . . . Part Schematics Acquired 16 | . 9 . 7 Parts Built . | . . . . Authchips . | . . . . Time . | . . . . Total Part Build Rating . | . . . . Parts Repaired 1 | . 1 . . Time 38 | . 38 . . Parts Recycled . | . . . . Recycled Matter . | . . . . Retrieved Matter . | . . . . Retrieved Components 21 | . 11 . 10 Parts Scanalyzed 5 | . . . 5 Part Schematics Acquired 5 | . . . 5 Parts Damaged . | . . . . Bothacking | -11 -10 -10 -8 ------------ Run | Yrd Mat Sub Mat Used RIF Installer . | . . . . Robots Hacked . | . . . . Non-combat . | . . . . Combat . | . . . . Robot Hacks Applied . | . . . . Relay Couplers Released . | . . . . Fabnet Peak Effective % . | . . . . Robots Rewired . | . . . . Allies Hacked . | . . . . Hacks Repelled . | . . . . Allies | -11 -10 -10 -8 -------- Run | Yrd Mat Sub Mat Total Allies 1 | . . . 1 Largest Group 1 | . . . 1 Highest-Rated Group 16 | . . . 16 Highest-Rated Ally 16 | . . . 16 Total Orders . | . . . . Ally Attacks . | . . . . Total Damage . | . . . . Kills . | . . . . Allies Corrupted . | . . . . Allies Melted . | . . . . Intel | -11 -10 -10 -8 ------- Run | Yrd Mat Sub Mat Robot Analysis Total . | . . . . Derelict Logs Recovered 1 | . . 1 . Drone Launches . | . . . . Drone Recoveries . | . . . . Exploration | -11 -10 -10 -8 ------------- Run | Yrd Mat Sub Mat Turns Passed 5181 | 87 1439 1535 2120 Spaces Moved 3442 | 63 1032 1231 1116 Core 9 | 9 . . . Treads 299 | . . 140 159 Legs 983 | 54 156 . 773 Wheels 2049 | . 876 1091 82 Hover 102 | . . . 102 Flight . | . . . . Fastest Speed 50 | 50 80 80 60 Average Speed 106 | 110 86 112 119 Slowest Speed 240 | 120 190 240 160 Overloaded Moves . | . . . . Propulsion Burnouts . | . . . . Robots Hopped . | . . . . Cave-ins Triggered . | . . . . Exploration Rate (%) 61 | 4 100 56 84 Regions Visited 3 Branch Regions 1 Pre-discovered Areas 1 | . . 1 . Known Exits Taken 3 | 1 1 1 . Unknown Exits Taken . | . . . . Scrap Searched 3 | . . 3 . Spaces Dug 1 | . . . 1 Terrain Destroyed 12 | . 3 1 8 Melee . | . . . . Projectile 9 | . . 1 8 AOE 3 | . 3 . . Terrain Rammed . | . . . . Walls Destroyed . | . . . . Machines Disabled . | . . . . Actions | -11 -10 -10 -8 --------- Run | Yrd Mat Sub Mat Total 4669 | 80 1539 1323 1727 Wait 916 | 1 455 20 440 Move 3439 | 62 1031 1230 1116 Hop . | . . . . Pick Up 55 | 10 9 11 25 Fast Attach 10 | 1 4 2 3 Attach 27 | 6 1 4 16 Detach . | . . . . Swap 26 | . 7 11 8 Drop 37 | . 9 12 16 Fire 159 | . 23 33 103 Melee . | . . . . Ram . | . . . . Kick . | . . . . Crush . | . . . . Escape Stasis . | . . . . Rewire . | . . . . Trap . | . . . . Miscellaneous . | . . . . Route ------- -11/Scrapyard -10/Materials (discovered 5 exits: *Mat x3 / *Min / *Sub) -10/Subcaves -8/Materials (discovered 2 exits: *Fac x2) History --------- Turn | Location | Event 5 | -11/Scrapyard | Identified exit to Materials 5 | -11/Scrapyard | Discovered exit to Materials (range 15) 88 | -11/Scrapyard | Entered Materials 88 | -10/Materials | Evolved 1 slot: Power x1 318 | -10/Materials | Build established: Hacker-Mutant 547 | -10/Materials | Identified exit to Mines 547 | -10/Materials | Discovered exit to Mines (range 11) 857 | -10/Materials | Identified exit to Materials 857 | -10/Materials | Discovered exit to Materials (range 16) 1057 | -10/Materials | Discovered exit to Materials (range 5) 1146 | -10/Materials | Discovered exit to Materials (range 8) 1207 | -10/Materials | Identified exit to Subcaves 1207 | -10/Materials | Discovered exit to Subcaves (range 7) 1451 | -10/Materials | Repaired Lgt. Nuclear Core 1527 | -10/Materials | Entered Subcaves 1535 | -10/Subcaves | Learned Materials security intel 1688 | -10/Subcaves | Core integrity fell below 50% 1871 | -10/Subcaves | Build established: Scavenger-Mutant 1975 | -10/Subcaves | Shifting Twisted Machinery released Sub. Machine Gun 2483 | -10/Subcaves | Learned location of Zion (-6) 2483 | -10/Subcaves | Met a Zionite searching for "candidates" 2505 | -10/Subcaves | Identified exit to Materials 2505 | -10/Subcaves | Discovered exit to Materials (range 14) 2687 | -10/Subcaves | A swath of the cavern ceiling suddenly collapsed 3012 | -10/Subcaves | Core integrity fell below 20% 3062 | -10/Subcaves | Entered Materials 3062 | -8/Materials | Evolved 4 slots: Propulsion x2, Utility x2 3130 | -8/Materials | Garrison activated, responded to threat 3269 | -8/Materials | Lost 4 parts (1p1n1u1w) 4049 | -8/Materials | Build established: Hacker-Skirmisher 4193 | -8/Materials | Core integrity fell below 50% 4994 | -8/Materials | Identified exit to Factory 4994 | -8/Materials | Discovered exit to Factory (range 5) 5158 | -8/Materials | Discovered exit to Factory (range 9) 5162 | -8/Materials | Garrison activated, responded to threat 5182 | -8/Materials | Self-destructed Last Messages --------------- K-01 Serf collects debris. System corrupted: Energy discharge (-127). K-01 Serf collects debris. Acquired 16 matter. K-01 Serf collects debris. Destroyed Lgt. Deuterium Engine. EXIT=FOUND: FACTORY G-47 Trooper suffers critical hit (Destroy). Destroyed Aluminum Leg. G-47 Trooper calls for garrison reinforcements. ALERT: Activating Garrison Access M001. G-47 Trooper destroyed. Acquired 15 matter. Connecting with Repair Station... >>Scan(Lgt. Angular Momentum Engine) Scanning Lgt. Angular Momentum Engine... Ready to Repair: Lgt. Angular Momentum Engine Rating: 5 Time: 25 Map ----- +----------------------------------------------------+ | ??## """##???????????????????????????????????? | | ??## ##???????????????????????????????????? | | #### """##???????????????????????????????????? | | # """##???????????????????????????????????? | | # """##?????????????? ???????????#### | | # ########## ####+#####??????????#### | | ##+##################+### #### #?????##! | | # ! ! #?????## | | %+ [*[ / ????? + | | # ^ ^"" ! ????????## | | %######## "G ## ##???????????## | | %######## ""! ###???###???????????## * | | ########### ^ ###########?????????## | | ########### ^ ###########?????????##[ | | ![ = Y ############?? | | [!"""" ############??# | | [ """" u # ! ! ##### | | ########### !"""" ########### + ##### | | ########### ########### # + ![% | | ########### ########### # ##### | | ###! ## ! # [!############### | | ""#""%! ## """ # *%############??# | | T"#" !!! ## ] """ # =##########???? | | ""#""| !!! ## """ # ?? | | ### !!! ##""" + ? | | %[ = ### ##"R@ """ # ###########??# | | ### ##""" """ # < ###########??## | | ### [ ##""" """ # ##???????????## | | ########### [ + ######???????????## | | ########### u ################???????????## | | [ ############??????????????? # | | ####+##########????????????????????????? # | | # % = ######??????????????????????????? | | / #???????????????????????????????? | | ##+###### #???????????????????????????????? | | #??# #???????????????????????????????? | | """ #??# [ #???????????????????????????????? | | """" #??# """ #???????????????????????????????? | | """" #??# """ #???????????????????????????????? | | """" ??# " " #???????????????????????????????? | | """ #??# #???????????????????????????????? | | #??##########???????????????????????????????? | | #####????????????????????????????????????????????? | | | | | | | | | | | | | | | +----------------------------------------------------+ Best States ------------- Heat Dissipation 31 Energy Generation 29 Energy Capacity 480 Matter Stores 300 Matter Capacity 300 Sight Range 21 Robot Scan Range 14 Terrain Scan Range 14 Terrain Scan Density 10 ECM Strength 1 Resistance: KI 35 Resistance: TH 35 Resistance: EX 35 Resistance: EM 35 Resistance: I 35 Resistance: S 35 Resistance: P 35 Evasion (%) 55 Recoil Reduction 2 Offensive Hacking 20 Item Schematics ----------------- Sensor Array | -10/Materials | Hacked Signal Interpreter | -10/Materials | Hacked Structural Scanner | -10/Materials | Hacked Wheel | -10/Materials | Hacked ECM Suite | -10/Materials | Hacked EM Pulse Gun | -10/Materials | Hacked Terrain Scanner | -10/Materials | Hacked Assault Rifle | -10/Materials | Hacked Aluminum Leg | -10/Materials | Hacked Blade Saw | -8/Materials | Hacked Adv. Weight Redist. System | -8/Materials | Hacked Imp. Deuterium Engine | -8/Materials | Scanalyzed Hvy. Laser | -8/Materials | Scanalyzed Cryofiber Web | -8/Materials | Scanalyzed Hardlight Generator | -8/Materials | Scanalyzed Imp. Terrain Scanner | -8/Materials | Scanalyzed Robot Schematics ------------------ None Fabricated ------------ Nothing Alien Tech Used ----------------- None Achievements -------------- None Challenges ------------ None Game ------ Seed BottomlessCargoSpecial Manual? 0 Play Time 01:00:17 Cumulative 27.3 hours Start 2024.08.19 @ 16:54:39 End 2024.08.19 @ 18:09:43 Sessions 1 Manual Loads 0 Difficulty Explorer Special Mode None Game No. 39 Rogue 1 Adventurer 3 Explorer 35 Win Type - Total 0 Types 0/0/0/0/0/0/0/0/0 Lore% 7 Gallery% 16 Achievement% 21 Wizard Run 0 Options --------- Layout 1 ASCII 0 Keyboard 0 Movement Mouse Keybinds 0 Fullscreen 1 Font 32/SmallcapsGlow Map View 50x35 Zoom Use 0% Tactical HUD 0 Map Filters NONE Filters NONE Steam 1 RUN: 4c9c87dc-9a31-4187-a38f-894f6a3077c7